 Dungeon Crawl Stone Soup version 0.27.0-1-g7a089689b8 (webtiles) character file.

Game seed: 1225388892766685800

98 SnakkuSnakku7 the Sneak (level 4, -1/35 HPs)
             Began as a Vampire Hedge Wizard on Aug 13, 2021.
             Slain by Robin (2 damage)
             ... on level 3 of the Dungeon.
             The game lasted 00:04:19 (2539 turns).

SnakkuSnakku7 the Sneak (Vampire Hedge Wizard)      Turns: 2539, Time: 00:04:20

Health: -1/35      AC:  3    Str: 10    XL:     4   Next: 44%
Magic:  8/8        EV: 12    Int: 16    God:
Gold:   17         SH:  0    Dex: 13    Spells: 8/9 levels left

rFire    . . .     SeeInvis +   a - +0 trident
rCold    . . .     Faith    .   (no shield)
rNeg     . . .     Spirit   .   b - +0 robe
rPois    .         Reflect  .   c - +0 hat
rElec    .         Harm     .   (no cloak)
rCorr    .         Rampage  .   (no gloves)
Will     .....                  o - +0 pair of boots
Stlth    ++........             (no amulet)
HPRegen  0.31/turn              (no ring)
MPRegen  0.11/turn              (no ring)

@: healing quickly
A: alive, fangs 3, see invisible, vampiric 2
a: Exsanguinate


You were on level 3 of the Dungeon.
You visited 1 branch of the dungeon, and saw 3 of its levels.

You collected 82 gold pieces.
You spent 65 gold pieces at shops.

Inventory:

Hand Weapons
 a - a +0 trident (weapon)
 k - a +0 mace
 q - a +0 dagger
Missiles
 p - 3 poisoned darts (quivered)
Armour
 b - a +0 robe (worn)
 c - a +0 hat (worn)
 o - a +0 pair of boots (worn)
Magical Staves
 g - a staff of conjuration
Scrolls
 f - a scroll of acquirement {unknown}
 h - a scroll of vulnerability {unknown}
 l - a scroll of enchant armour {unknown}
 m - a scroll of fear
 n - 2 scrolls of teleportation
 r - a scroll of identify {unknown}
Potions
 d - 2 potions of flight {unknown}
 e - 3 potions of berserk rage {unknown}
 i - 2 potions of heal wounds {unknown}
 j - 2 potions of curing {unknown}


   Skills:
 - Level 3.0 Fighting
 + Level 1.1 Polearms
 + Level 1.1 Throwing
 - Level 2.1 Dodging
 - Level 3.0 Stealth
 - Level 3.0 Spellcasting
 - Level 0.6 Conjurations
 - Level 1.0 Summonings
 - Level 0.7 Translocations


You had 8 spell levels left.
You knew the following spells:

 Your Spells              Type           Power      Damage    Failure   Level
a - Magic Dart            Conj           16%        1d3       14%         1

Your spell library contained the following spells:

 Spells                   Type           Power      Damage    Failure   Level
 Call Imp                 Summ           5%         N/A       19%         2
 Blink                    Tloc           N/A        N/A       22%         2
 Slow                     Hex            2%         N/A       28%         2
 Conjure Flame            Conj/Fire      3%         6-21      45%         3
 Mephitic Cloud           Conj/Pois/Air  3%         N/A       45%         3


Dungeon Overview and Level Annotations

Branches:
Dungeon (3/15)

Altars:

Shops:
D:2 ?

Annotations:
D:3 Natasha, Robin, Sigmund


Innate Abilities, Weirdness & Mutations

Your natural rate of healing is accelerated.
You have razor-sharp teeth.
You have supernaturally acute eyesight. (SInv)
You are afflicted with vampirism and can become a bat while bloodless.


Message History

There is a stone staircase leading down, spattered with blood here.
You start resting.
HP restored.
You climb downwards.
Level annotation: Natasha, Robin, Sigmund Robin roars a battlecry!
You hear an angry hiss.
There is a stone staircase leading up, spattered with blood here.
Unknown command.
Throw: 4 darts (poison)
Press: ? - help, Q - select action, (/) - cycle Shift-Dir - straight line, f - Robin
Aim: Robin, wielding a +3 vorpal spear, wearing a +0 animal skin and wearing a +0 helmet (65% to hit)
You throw a poisoned dart. The poisoned dart hits Robin.
Robin is poisoned.
Unknown command.
Things that are here:
a +0 dagger; a goblin corpse Robin hits you with a +3 vorpal spear.
You see here a +0 club.
You hit Robin.
Robin is moderately wounded.
Robin hits you with a +3 vorpal spear!
You barely miss Robin.
Robin is moderately wounded.
Robin looks more healthy.
Natasha claws you. Robin barely misses you. Natasha closely misses you.
The goblin shouts!
Robin throws the goblin at you! The goblin closely misses you.
Things that are here:
a +0 dagger; a goblin corpse You hit the goblin.
The goblin is severely wounded.
Robin hits you from afar with a +3 vorpal spear.
Natasha claws you.
* * * LOW HITPOINT WARNING * * *
The goblin barely misses you.
Unknown command.
A rat comes into view.
Robin hits you from afar with a +3 vorpal spear.
* * * LOW HITPOINT WARNING * * *
You die...

..#.......# ..# #.#
. ##..###.# #.# #.#
#.# .# #.# #.# ..r.
.# ####.#####.# .##
#.
.######....)†g...#
#. ................#
#.######..........#
#....####.####..#.#
###@.##..# ##.#.#
##.g)hg.(## #.#.# .
##..).....## #.#.# .
#...†......### #.#.#
# #............##...
#..÷..............
...........)........
####................
##...............


You could see Robin, Natasha, a goblin (strong) and a rat (wandering).

Vanquished Creatures
  2 adders
  A worm (D:3)
  A dart slug (D:3)
  7 orcs
  3 endoplasms
  A giant cockroach (D:2)
  13 goblins
  5 hobgoblins
  10 jackals
  A quokka (D:3)
  4 ball pythons
  A bat (D:1)
  4 frilled lizards (D:2)
  4 kobolds
  4 rats
61 creatures vanquished.

Notes
Turn   | Place    | Note
-------+----------+-------------------------------------------
     0 | D:1      | SnakkuSnakku7 the Vampire Hedge Wizard began the quest for
                  | the Orb.
     0 | D:1      | Reached XP level 1. HP: 13/13 MP: 4/4
    95 | D:1      | Reached skill level 1 in Fighting
   228 | D:1      | Reached XP level 2. HP: 13/21 MP: 6/6
  1301 | D:2      | Found Pocleq's Magic Scroll Shop.
  1308 | D:2      | Bought a scroll of fear for 35 gold pieces
  1308 | D:2      | Bought a scroll of teleportation for 30 gold pieces
  1341 | D:2      | Gained mutation: You are afflicted with vampirism and can
                  | become a bat while bloodless. [Vampire growth]
  1341 | D:2      | Reached XP level 3. HP: 23/28 MP: 7/7
  2117 | D:3      | Reached XP level 4. HP: 15/35 MP: 5/8
  2170 | D:3      | Noticed Sigmund
  2322 | D:3      | Reached skill level 1 in Polearms
  2358 | D:3      | Noticed Robin
  2358 | D:3      | Noticed Natasha
  2387 | D:3      | Reached skill level 1 in Throwing
  2539 | D:3      | HP: 1/35 [Robin (5)]
  2539 | D:3      | Slain by Robin

Illustrated notes

Levels and vault maps discovered:
D:1:      psy_arrival_whirlpool, layout_loops_corners
D:2:      layout_loops_corners, serial_shops, nicolae_diamond_shop,
          lightli_corner_chamber
D:3:      layout_rooms, dreamdust_ecumenical_altar_sealed_demon,
          chequers_serial_rivers_micro_a, uniq_robin, uniq_natasha, uniq_purgy,
          uniq_sigmund

Skill      XL: |  1  2  3  4 |
---------------+-------------+-----
Fighting       | 1 2 3 |  3.0
Polearms       | 1 |  1.1
Throwing       | 1 |  1.1
Dodging        | |  2.1
Stealth        | |  3.0
Spellcasting   | |  3.0
Conjurations   | |  0.6
Summonings     | |  1.0
Translocations | |  0.7

Action                   |  1- 3 |  4- 6 || total
-------------------------+-------+-------++-------
Melee: Dagger            |   117 |       ||   117
       Bite              |    14 |     6 ||    20
       Mace              |    59 |       ||    59
       Trident           |    20 |    62 ||    82
Throw: Dart              |       |     1 ||     1
 Cast: Magic Dart        |     6 |       ||     6
 Stab: Sleeping          |     8 |     1 ||     9
Armor: Robe              |    46 |    12 ||    58
Dodge: Dodged            |   129 |    40 ||   169
